 Dungeon Crawl Stone Soup version 0.29.1-12-g30fa7ad0bf (webtiles) character file.

Game seed: 1481927862948173290

51 xian the Sneak (level 3, -1/21 HPs)
             Began as an Octopode Enchanter on Dec 22, 2022.
             Slain by an endoplasm (2 damage)
             ... on level 2 of the Dungeon.
             The game lasted 00:02:36 (1522 turns).

xian the Sneak (Octopode Enchanter)                 Turns: 1522, Time: 00:02:36

Health: -1/21      AC:  1    Str:  9    XL:     3   Next: 81%
Magic:  6/6        EV: 13    Int: 17    God:
Gold:   90         SH:  0    Dex: 12    Spells: 6/6 levels left

rFire   + . .      SeeInvis .   a - +1 dagger
rCold   . . .      Faith    .   (no shield)
rNeg    . . .      Spirit   .   (helmet restricted)
rPois   .          Reflect  .   (no amulet)
rElec   .          Harm     .   d - ring of protection from fire
rCorr   .          Rampage  .   (no ring)
Will    .....                   (no ring)
Stlth   ++++......              (no ring)
HPRegen 0.07/turn               (no ring)
MPRegen 0.10/turn               (no ring)
                                (no ring)
                                (no ring)

@: no status effects
A: almost no armour, amphibious, 8 rings, camouflage 1, gelatinous body 1,
(nimble swimmer 1), tentacles
a: no special abilities


You were on level 2 of the Dungeon.
You visited 1 branch of the dungeon, and saw 2 of its levels.

You collected 90 gold pieces.

Inventory:

Hand Weapons
 a - a +1 dagger (weapon)
Jewellery
 d - a ring of protection from fire (left tentacle)
 h - a ring of protection from fire
Scrolls
 g - a scroll of magic mapping {unknown}
Potions
 b - 2 potions of invisibility
 c - 2 potions of might {unknown}
 e - a potion of ambrosia {unknown}
 f - a potion of mutation {unknown}


   Skills:
 + Level 0.3 Fighting
 + Level 1.8 Short Blades
 + Level 2.1 Dodging
 + Level 4.9 Stealth
 + Level 2.3 Spellcasting
 + Level 3.2 Hexes


You had 6 spell levels left.
You didn't know any spells.
Your spell library contained the following spells:

 Spells                   Type           Power      Damage    Failure   Level
 Ensorcelled Hibernation  Hex/Ice        14%        N/A       14%         2
 Confusing Touch          Hex            13%        N/A       14%         3
 Tukima's Dance           Hex            13%        N/A       14%         3
 Dazzling Flash           Conj/Hex       14%        N/A       28%         3
 Frozen Ramparts          Ice            4%         1d1       50%         3
 Ice Form                 Ice/Tmut       2%         N/A       88%         4
 Summon Ice Beast         Ice/Summ       2%         N/A       88%         4


Dungeon Overview and Level Annotations

Branches:
Dungeon (2/15)

Altars:


Innate Abilities, Weirdness & Mutations

You cannot wear most types of armour.
You are amphibious.
You can wear up to eight rings at the same time.
Your skin changes colour to match your surroundings (Stealth+).
Your rubbery body absorbs attacks. (AC +1, EV +1)
((You are camouflaged when in or above water. (Stealth+)))
You have tentacles for arms and can constrict up to eight enemies at once.


Message History

You hit the hobgoblin. You squeeze the hobgoblin.
You kill the hobgoblin!
The jackal bites you.
You hit the jackal. Your grab misses the jackal.
The jackal is moderately wounded.
The jackal barely misses you. x2; The jackal bites you. x2
You hit the jackal. Your grab misses the jackal.
The jackal is severely wounded.
The jackal misses you. The jackal barely misses you.
A rat comes into view.
You hit the jackal but do no damage. You grab the jackal.
The jackal is severely wounded.
You constrict the jackal. The jackal bites you. The jackal closely misses you.
You hit the jackal but do no damage.
The jackal is almost dead.
You constrict the jackal, but do no damage.
The jackal bites you but does no damage.
The jackal bites you.
You completely miss the jackal.
The jackal is almost dead.
You constrict the jackal.
You kill the jackal!
The jackal bites you.
* * * LOW HITPOINT WARNING * * *
A ball python comes into view.
The jackal barely misses you. The jackal attacks as you move away!
The jackal closely misses you. The jackal bites you.
* * * LOW HITPOINT WARNING * * *
The jackal barely misses you. The jackal attacks as you move away!
The jackal barely misses you.
You hit the jackal. You grab the jackal. You tentacle-slap the jackal.
You kill the jackal!
The endoplasm hits you.
* * * LOW HITPOINT WARNING * * *
You see here a jackal corpse.
You hit the endoplasm.
The endoplasm is moderately wounded.
The endoplasm hits you.
You die...

.... .........###.# #...
.........##..# ...#
.........##..# ...
........†.#...# #.#
...........#.# #..###
.........###.# #†..#
.........# #..
#..r#######..#..#####.
.####..hJ@.............##.
........####....#<.....##.
.............#..#<.....##.
.......................##.
.##.............#......##.
#..........##.#......##.
...............#########.
...##...........## #. ##.
###########..# #.


You could see an endoplasm, a jackal and a rat.

Vanquished Creatures
  An adder (D:2)
  A dart slug (D:1)
  5 ball pythons
  2 bats (D:1)
  5 endoplasms
  2 giant cockroaches (D:1)
  8 hobgoblins
  2 jackals (D:2)
  3 kobolds
  A quokka (D:1)
  A frilled lizard (D:1)
  A goblin (D:1)
  A rat (D:1)
33 creatures vanquished.

Notes
Turn   | Place    | Note
-------+----------+-------------------------------------------
     0 | D:1      | xian the Octopode Enchanter began the quest for the Orb.
     0 | D:1      | Reached XP level 1. HP: 11/11 MP: 3/3
   320 | D:1      | Reached XP level 2. HP: 17/17 MP: 5/5
   798 | D:1      | Reached XP level 3. HP: 21/21 MP: 6/6
  1521 | D:2      | HP: 1/21 [endoplasm (3)]
  1522 | D:2      | Slain by an endoplasm

Illustrated notes

Levels and vault maps discovered:
D:1:      ncdulo_halloftheorcs, layout_loops_ring
D:2:      layout_rooms, shapermc_ecumenical_altar_petra

Action                   || total
-------------------------++-------
Melee: Dagger            ||    65
       Constrict         ||    16
       Tentacles         ||    12
       Punch             ||     2
 Stab: Sleeping          ||    13
Armor: Skin              ||     2
Dodge: Dodged            ||    35
